 Dungeon Crawl Stone Soup version 0.22-a0-142-g91cc6d7 (webtiles) character file.

99 sankara the Conjurer (level 4, 0/33 HPs)
             Began as a Draconian Conjurer on Feb 5, 2018.
             Slain by Sigmund
             ... wielding a +0 scythe
              (11 damage)
             ... on level 2 of the Dungeon.
             The game lasted 00:12:51 (2413 turns).

sankara the Conjurer (Draconian Conjurer)           Turns: 2413, Time: 00:12:52

Health: 0/33       AC:  6    Str: 10    XL:     4   Next: 45%
Magic:  2/8        EV: 12    Int: 16    God:
Gold:   117        SH:  0    Dex: 12    Spells: 4/8 levels left

rFire    . . .     SeeInvis .   a - +1 dagger (freeze)
rCold    . . .     Gourm    .   (no shield)
rNeg     . . .     Faith    .   (armour unavailable)
rPois    .         Spirit   .   (helmet restricted)
rElec    .         Reflect  .   (no cloak)
rCorr    .         Harm     .   (no gloves)
MR       .....                  e - +0 pair of boots
Stlth    +.........             h - amulet of regeneration
HPRegen  0.51/turn              (no ring)
MPRegen  0.11/turn              (no ring)

@: confused, flying
A: unfitting armour, cold-blooded, AC +5
a: no special abilities


You were on level 2 of the Dungeon.
You were hungry.

You visited 1 branch of the dungeon, and saw 2 of its levels.

You collected 117 gold pieces.

Inventory:

Hand Weapons
 a - a +1 dagger of freezing (weapon)
 b - a +0 hunting sling
Missiles
 d - 123 stones (quivered)
 f - 2 needles of sleeping
 g - 60 sling bullets
Armour
 e - a +0 pair of boots (worn)
Jewellery
 h - an amulet of regeneration (around neck)
Scrolls
 i - a scroll of blinking {unknown}
 k - 4 scrolls of teleportation {unknown}
 m - a scroll of identify {unknown}
 o - a scroll of remove curse {unknown}
 p - a scroll of noise {unknown}
Books
 j - a book of Conjurations

   Spells                             Type                      Level
   a - Magic Dart                     Conjuration                  1
   b - Searing Ray                    Conjuration                  2
   c - Dazzling Spray                 Conjuration/Hexes            3
   d - Fulminant Prism                Conjuration/Hexes            4
   e - Force Lance                    Conjuration/Translocation    4
   f - Iskenderun's Mystic Blast      Conjuration                  4
Comestibles
 c - a chunk of flesh
 n - 3 rations


   Skills:
 - Level 1.7 Dodging
 - Level 1.7 Stealth
 + Level 2.8 Spellcasting
 * Level 5.2 Conjurations
 + Level 1.0 Hexes


You had 4 spell levels left.
You knew the following spells:

 Your Spells              Type           Power        Failure   Level  Hunger
a - Magic Dart            Conj           ###.         2%          1    #......
b - Dazzling Spray        Conj/Hex       ##....       16%         3    ###....


Dungeon Overview and Level Annotations

Branches:
Dungeon (2/15)

Altars:
Wu Jian
The Shining One

Annotations:
D:2 Sigmund


Innate Abilities, Weirdness & Mutations

Your plain brown scales are hard. (AC +5)
You cannot fit into any form of body armour.
You are cold-blooded and may be slowed by cold attacks.


Message History

You hit Sigmund but do no damage.
Sigmund is moderately wounded.
Sigmund closely misses you.
You are too injured to fight recklessly!
You are too injured to fight recklessly!
You hit Sigmund. You freeze Sigmund.
Sigmund is heavily wounded.
Sigmund points at you and mumbles some strange words.
The magic dart hits you!
You hit Sigmund but do no damage.
Sigmund is heavily wounded.
Sigmund casts a spell at you.
You are confused.
You miss Sigmund.
Sigmund is heavily wounded.
Sigmund points at you and mumbles some strange words.
The puff of flame misses you.
You bump into the rock wall.
Sigmund is no longer blind.
Sigmund hits you with a scythe!
You die...

.###.#
#................#
## ..
#..........#######
## ######.###.# #
#.# #.# .## #.#
#.# ... #.###.#
#####.# #..##.#
..((((.#####..#.#
#(....@@.....#
#####..##....#
##.####[.# #...
..## #####..# ####


You could see Sigmund.

Vanquished Creatures
  Terence (D:2)
  Robin (D:2)
  An adder (D:2)
  A worm (D:2)
  A dart slug (D:1)
  2 leopard geckos (D:1)
  A ball python (D:1)
  4 giant cockroaches
  10 goblins
  5 hobgoblins
  4 jackals (D:1)
  A quokka (D:2)
  5 bats (D:1)
  2 frilled lizards (D:2)
  3 kobolds (D:1)
  4 rats
46 creatures vanquished.

Notes
Turn   | Place    | Note
-------+----------+-------------------------------------------
     0 | D:1      | sankara the Draconian Conjurer began the quest for the Orb.
     0 | D:1      | Reached XP level 1. HP: 14/14 MP: 3/3
   391 | D:1      | Reached XP level 2. HP: 16/20 MP: 0/5
  1208 | D:1      | Reached XP level 3. HP: 26/26 MP: 1/6
  1327 | D:2      | Noticed Terence
  1586 | D:2      | Learned a level 3 spell: Dazzling Spray
  1690 | D:2      | Noticed Robin
  1863 | D:2      | Killed Robin
  1879 | D:1      | Reached skill level 5 in Conjurations
  2043 | D:2      | Reached XP level 4. HP: 29/33 MP: 6/8
  2151 | D:2      | Killed Terence
  2151 | D:2      | Reached skill level 1 in Hexes
  2249 | D:2      | Found a glowing golden altar of the Shining One.
  2309 | D:2      | Found an ornate altar of the Wu Jian Council.
  2375 | D:2      | Noticed Sigmund
  2413 | D:2      | Slain by Sigmund

Vault maps used:
D:1:      shiori_shiawase, minmay_misc_feat_more_columns
D:2:      old_standard_altar, tso_metal_star, first_ration,
          palyth_stone_intersect, uniq_robin, uniq_terence, uniq_sigmund

Skill      XL: |  1  2  3  4 |
---------------+-------------+-----
Conjurations   | 5 |  5.2
Hexes          | 1 |  1.0
Dodging        | |  1.7
Stealth        | |  1.7
Spellcasting   | |  2.8

Action                   |  1- 3 |  4- 6 || total
-------------------------+-------+-------++-------
Melee: Dagger            |    28 |    22 ||    50
       Tailslap          |     2 |     2 ||     4
 Fire: Hunting sling     |     9 |    12 ||    21
Throw: Stone             |     1 |       ||     1
 Cast: Magic Dart        |    93 |     7 ||   100
       Dazzling Spray    |     1 |     5 ||     6
  Use: Scroll            |     1 |       ||     1
       Potion            |       |     1 ||     1
 Stab: Distracted        |     1 |       ||     1
       Sleeping          |     1 |       ||     1
  Eat: Chunk             |     5 |     1 ||     6
Armor: Skin              |    12 |     1 ||    13
Dodge: Dodged            |    27 |    22 ||    49

Table legend:
 A = Spawn XP
 B = Non-spawn XP
 C = Spawn XP percentage of total XP
 D = Spawn monster count
 E = Non-spawn monster count
 F = Spawn count percentage of total count
 G = Total turns spent on level
                    A         B        C        D         E        F      G
               +---------+---------+-------+---------+---------+-------+---------
         Total |       0 |     142 |   0.0 |       0 |      46 |   0.0 |  2413
               +---------+---------+-------+---------+---------+-------+---------
           D:1 |       0 |      48 |   0.0 |       0 |      25 |   0.0 |  1566
           D:2 |       0 |      94 |   0.0 |       0 |      21 |   0.0 |   847
               +---------+---------+-------+---------+---------+-------+---------
